 Dungeon Crawl Stone Soup version 0.31-a0-435-g2c6fae2916 (webtiles) character file.

Game seed: 18181927606258009668

9892 floatRand the Cleaver (level 11, -3/78 HPs)
             Began as a Formicid Fighter on Aug 1, 2023.
             Was a Follower of Qazlal.
             Slain by a two-headed ogre
             ... wielding a +0 giant spiked club
              (19 damage)
             ... on level 10 of the Dungeon.
             The game lasted 00:12:45 (7255 turns).

floatRand the Cleaver (Formicid Fighter)            Turns: 7255, Time: 00:12:46

Health: -3/78      AC: 20    Str: 25    XL:     11   Next: 82%
Magic:  18/18      EV:  6    Int:  8    God:    Qazlal [*.....]
Gold:   585        SH:  8    Dex: 13    Spells: 10/10 levels left

rFire   . . .        f - +0 battleaxe
rCold   . . .        e - +1 buckler {reflect}
rNeg    . . .        o - +0 plate armour
rPois   +            (helmet unavailable)
rElec   .            A - +0 cloak
rCorr   .            C - +1 pair of gloves
SInv    +            t - +0 pair of boots
Will    +....        i - amulet of regeneration Stlth
                     g - ring of poison resistance
HPRegen 1.13/turn    l - +4 ring of protection
MPRegen 0.16/turn

%: reflection
@: studying Ranged Weapons
A: permanent stasis, dig shafts and tunnels, antennae 3, four strong arms
a: Dig, Shaft Self, Renounce Religion


You were on level 10 of the Dungeon.
You worshipped Qazlal.
Qazlal was aware of your devotion.
You visited 2 branches of the dungeon, and saw 11 of its levels.

You collected 585 gold pieces.

Inventory:

Hand Weapons
 a - a +1 war axe
 f - a +0 battleaxe (weapon)
Missiles
 m - 3 throwing nets
 v - 12 javelins
Armour
 c - a +0 buckler
 e - a +1 buckler of reflection (worn)
 o - a +0 plate armour (worn)
 t - a +0 pair of boots (worn)
 A - a +0 cloak (worn)
 C - a +1 pair of gloves (worn)
Jewellery
 g - a ring of poison resistance (left hand)
 i - an amulet of regeneration (around neck)
 l - a +4 ring of protection (right hand)
Wands
 n - a wand of digging (4)
 r - a wand of polymorph (4)
 y - a wand of quicksilver (10)
 B - a wand of flame (23)
Scrolls
 b - a scroll of vulnerability
 d - a scroll of enchant armour
 q - a scroll of amnesia
Potions
 h - 3 potions of curing
 j - a potion of cancellation
 k - 2 potions of attraction
 p - 3 potions of ambrosia
 s - a potion of magic {unknown}
 u - 2 potions of enlightenment {unknown}
 w - a potion of heal wounds {unknown}
 z - 2 potions of brilliance {unknown}


   Skills:
 - Level 4.4 Fighting
 + Level 14.9 Axes
 - Level 4.4 Armour
 - Level 5.3 Shields
 * Level 10.0 Invocations


You had 10 spell levels left.
You didn't know any spells.
Your spell library contained the following spells:

 Spells                   Type           Power      Damage    Failure   Level
 Sting                    Tmut/Pois      0%         1d3       100%        1
 Poisonous Vapours        Pois/Air       0%         N/A       100%        2
 Inner Flame              Hex/Fire       0%         N/A       100%        3
 Tukima's Dance           Hex            0%         N/A       100%        3
 Flame Wave               Conj/Fire      0%         2d4       100%        4
 Olgreb's Toxic Radiance  Pois           0%         N/A       100%        4
 Passage of Golubria      Tloc           0%         N/A       100%        4
 Sticky Flame             Conj/Fire      0%         2d3       100%        4
 Yara's Violent Unravell  Hex/Tmut       0%         3d3       100%        5


Dungeon Overview and Level Annotations

Branches:
Dungeon (10/15)            Temple (1/1) D:7            Lair (0/5) D:9
    Orc: D:9-12

Altars:
Ashenzari
Cheibriados
Dithmenos
Elyvilon
Fedhas
Gozag
Hepliaklqana
Kikubaaqudgha
Makhleb
Nemelex Xobeh
Okawaru
Qazlal
Ru
Sif Muna
Trog
Uskayaw
Vehumet
Wu Jian
Xom
Yredelemnul
Zin
The Shining One

Shops:
D:6 *


Innate Abilities, Weirdness & Mutations

You cannot be hasted, slowed, berserked, paralysed or teleported.
You can dig through walls and to a lower floor.
You have a pair of large antennae on your head. (SInv)
Your four strong arms can wield two-handed weapons with a shield.


Message History

The yak is almost dead.
You slash the yak! You block the yak's attack.
The yak gores you but does no damage.
Unknown command.
Unknown command.
You barely miss the yak. You hit the yak. You slice the yak!!
You kill the yak!
Qazlal accepts your kill.
The yak gores you but does no damage. x2
Unknown command.
You slash the yak!
The yak is almost dead.
You slash the yak! You hit the yak. The yak gores you.
The yak completely misses you. The yak gores you but does no damage.
Unknown command.
You hit the yak.
The yak is moderately wounded.
You slash the yak!
You kill the yak!
Qazlal accepts your kill.
You hit the yak but do no damage. The yak gores you.
The yak gores you but does no damage. The hornet stings you.
Your Invocations skill increases to level 10!
You slice the two-headed ogre!!
The two-headed ogre is heavily wounded.
You slice the hornet!!
You slash the yak! x2; You block the hornet's attack.
The yak gores you but does no damage. The yak gores you!
The two-headed ogre hits you with a +0 giant spiked club!!
The two-headed ogre hits you but does no damage.
Unknown command.
You slash the two-headed ogre!
The two-headed ogre is heavily wounded.
You hit the yak. You hit the hornet. You hit the yak.
You block the hornet's attack. The yak gores you.
* * * LOW HITPOINT WARNING * * *
The yak gores you but does no damage. The hornet stings you.
* * * LOW HITPOINT WARNING * * *
You block the two-headed ogre's attack.
The two-headed ogre hits you with a +0 giant spiked club!!
You die...

#..#...................
#....................#
.#...................##
.............))).....(##
...........#.#)........#
...........###..).......
..................).....
......yYO..........#....
......Y@...........# ...
....#.#.....>......# ..
#.# ###.............# .
# #...............
##..#....#....#..
...##..##.......
........ ...... .... ..


You could see a two-headed ogre, 2 yaks and a hornet.

Vanquished Creatures
  Erica (D:9)
  3 death yaks (D:9)
  Urug (D:10)
  Pikel (D:7)
  A cyclops (D:6)
  Maggie (D:6)
  A hornet (D:7)
  A troll (D:8)
  Prince Ribbit (D:6)
  Sigmund (D:2)
  A shadow (D:10)
  9 yaks
  3 steam dragons
  Menkaure (D:6)
  An acid dragon (D:9)
  2 orc warriors
  A sky beast (D:7)
  A black bear (D:5)
  An ice beast (D:8)
  A centaur (D:8)
  3 lemures (D:7)
  A phantom (D:6)
  2 kobold brigands (D:6)
  Blork the orc (D:6)
  2 bullfrogs (D:7)
  3 scorpions
  2 gnoll sergeants
  5 wights (D:8)
  4 howler monkeys
  7 hounds
  6 orc priests
  A jelly (D:6)
  2 gnoll boudas
  2 sleepcaps
  13 orc wizards
  5 iguanas
  A hell rat (D:9)
  A mummy (D:3)
  24 gnolls
  A river rat (D:9)
  8 adders
  2 shadow imps
  An ufetubus (D:6)
  3 worms
  2 dart slugs
  28 orcs
  8 bats
  8 endoplasms
  3 giant cockroaches
  11 goblins
  9 hobgoblins
  3 jackals (D:2)
  7 kobolds
  4 quokkas
  4 ball pythons
  A frilled lizard (D:2)
  2 rats
223 creatures vanquished.

Vanquished Creatures (others)
  An orc wizard (D:4)
  A gnoll (D:10)
2 creatures vanquished.

Grand Total: 225 creatures vanquished

Notes
Turn   | Place    | Note
-------+----------+-------------------------------------------
     0 | D:1      | floatRand the Formicid Fighter began the quest for the Orb.
     0 | D:1      | Reached XP level 1. HP: 18/18 MP: 1/1
   148 | D:1      | Reached XP level 2. HP: 21/24 MP: 2/2
   541 | D:1      | Reached XP level 3. HP: 29/29 MP: 3/3
   751 | D:2      | Noticed Sigmund
   766 | D:2      | Killed Sigmund
   767 | D:2      | Reached skill level 3 in Axes
   767 | D:2      | Reached skill level 5 in Shields
   767 | D:2      | Reached XP level 4. HP: 4/38 MP: 4/4
   767 | D:2      | Reached XP level 5. HP: 4/43 MP: 5/5
   767 | D:2      | Reached XP level 6. HP: 5/49 MP: 6/6
   930 | D:2      | Found a hide-covered altar of Uskayaw.
  1238 | D:2      | Found a faded altar of an unknown god.
  1662 | D:3      | Reached skill level 4 in Axes
  1885 | D:3      | Found a snail-covered altar of Cheibriados.
  2354 | D:4      | Reached XP level 7. HP: 54/55 MP: 7/7
  2357 | D:4      | Reached skill level 5 in Axes
  2661 | D:4      | Reached skill level 6 in Axes
  3048 | D:5      | Entered Level 5 of the Dungeon
  3062 | D:4      | Reached XP level 8. HP: 61/61 MP: 8/8
  3180 | D:4      | Reached skill level 7 in Axes
  3344 | D:5      | Reached skill level 8 in Axes
  3710 | D:6      | Noticed a cyclops
  3802 | D:6      | Found Cotuuwk's General Store.
  3834 | D:6      | Killed a cyclops
  3835 | D:6      | Reached skill level 9 in Axes
  3835 | D:6      | Reached XP level 9. HP: 55/66 MP: 9/9
  3883 | D:6      | Reached skill level 10 in Axes
  3918 | D:6      | Noticed Maggie
  3937 | D:6      | Killed Maggie
  3968 | D:6      | Reached skill level 11 in Axes
  3980 | D:6      | Noticed Blork the orc
  3996 | D:6      | Killed Blork the orc
  4097 | D:6      | Noticed Menkaure
  4099 | D:6      | Found a glowing silver altar of Zin.
  4106 | D:6      | Killed Menkaure
  4149 | D:6      | Found a hide-covered altar of Uskayaw.
  4233 | D:6      | Noticed Prince Ribbit
  4254 | D:6      | Killed Prince Ribbit
  4448 | D:6      | Reached skill level 12 in Axes
  4452 | D:6      | Reached XP level 10. HP: 45/73 MP: 10/10
  4486 | D:7      | Found a staircase to the Ecumenical Temple.
  4490 | Temple   | Entered the Ecumenical Temple
  4894 | D:7      | Reached skill level 13 in Axes
  4943 | D:7      | Noticed Pikel
  4959 | D:7      | Killed Pikel
  5199 | D:8      | Found a stormy altar of Qazlal.
  5202 | D:8      | Found a basalt altar of Yredelemnul.
  5276 | D:8      | Became a worshipper of Qazlal Stormbringer
  5375 | D:8      | Reached skill level 1 in Invocations
  5922 | D:8      | Reached skill level 14 in Axes
  6431 | D:9      | Reached skill level 5 in Invocations
  6434 | D:9      | Reached XP level 11. HP: 57/78 MP: 13/15
  6435 | D:9      | Reached * piety under Qazlal
  6486 | D:9      | Noticed a death yak
  6593 | D:9      | Noticed Erica
  6602 | D:9      | Killed Erica
  6756 | D:9      | Noticed a death yak
  6757 | D:9      | Noticed a death yak
  6809 | D:9      | Killed a death yak
  6820 | D:9      | Killed a death yak
  6823 | D:9      | Killed a death yak
  6907 | D:9      | Found a staircase to the Lair.
  7077 | D:9      | Found a glowing golden altar of the Shining One.
  7177 | D:10     | Entered Level 10 of the Dungeon
  7203 | D:10     | Noticed Urug
  7213 | D:10     | Killed Urug
  7242 | D:10     | Noticed a two-headed ogre
  7254 | D:10     | Reached skill level 10 in Invocations
  7255 | D:10     | Slain by a two-headed ogre

Illustrated notes

Levels and vault maps discovered:
D:1:      dpeg_arrival_three_smaller_balls, layout_loops_ring
D:2:      layout_basic, hellmonk_ecumenical_altar_pennies_from_heaven,
          basic_altar, uniq_sigmund
D:3:      layout_basic, slow_altar_1, hangedman_decor_push
D:4:      layout_loops_ring
D:5:      layout_cave_pools
D:6:      layout_rooms, chequers_temple_overflow_statue_of_worship,
          serial_shops, nicolae_shop_statue_plus, wad_floor_pattern_untrapped,
          chequers_jeans, minmay_manual_monstrance, uniq_maggie,
          uniq_blork_the_orc, uniq_menkaure, uniq_prince_ribbit1
D:7:      layout_loops_cross, minmay_temple_entry_proselytizer, uniq_pikel
D:8:      layout_loops_cross, mainiacjoe_overflow_catwalk_spiral
D:9:      layout_cave_pools, nicolae_tso_swordbearing_angel, dpeg_lair_monsters,
          uniq_erica
D:10:     layout_cave_pools, enter_bailey_3, uniq_urug, uniq_erolcha
Temple:   lightli_temple_of_artemis

Skill      XL: |  1  2  3  4  5  6  7  8  9 10 11 |
---------------+----------------------------------+-----
Fighting       | 4 |  4.4
Axes           | 3 4 6 9 12 14 | 14.9
Armour         | 4 |  4.4
Shields        | 5 |  5.3
Invocations    | 5 10 | 10.0

Action                     |  1- 3 |  4- 6 |  7- 9 | 10-12 || total
---------------------------+-------+-------+-------+-------++-------
  Melee: War axe           |    63 |   113 |   301 |       ||   477
         Battleaxe         |       |       |       |   287 ||   287
  Evoke: Wand              |       |       |     3 |       ||     3
    Use: Potion            |     2 |       |       |     3 ||     5
         Scroll            |     1 |       |    13 |     4 ||    18
   Stab: Invisible         |       |       |       |     1 ||     1
 Armour: Scale mail        |    19 |    26 |       |       ||    45
         Plate armour      |       |    46 |   186 |   183 ||   415
         Skin              |       |       |       |    14 ||    14
  Dodge: Dodged            |    26 |    55 |    81 |    71 ||   233
  Block: Buckler           |    17 |    40 |    75 |    90 ||   222

Table legend: (Time is in decaauts)
 A = Elapsed time spent in this place.
 B = Non-inter-level travel time spent in this place.
 C = Inter-level travel time spent in this place.
 D = Time resting spent in this place.
 E = Time spent auto-exploring this place.
 F = Levels seen in this place.
 G = Mean time per level.
                   A        B        C        D        E       F      G
               +--------+--------+--------+--------+--------+-----+--------+
         Total |   7367 |   7233 |    134 |    944 |   3760 |  11 |  669.7 |
       Dungeon |   7339 |   7205 |    134 |    944 |   3760 |  10 |  733.9 |
        Temple |     27 |     27 |      0 |      0 |      0 |   1 |   27.0 |
               +--------+--------+--------+--------+--------+-----+--------+

Top non-repeatable levels by time:
     D:8: 1161 daAuts
     D:4: 877 daAuts
     D:1: 845 daAuts
     D:9: 824 daAuts
     D:2: 778 daAuts
     D:3: 770 daAuts
     D:6: 735 daAuts
     D:7: 697 daAuts
     D:5: 572 daAuts
    D:10: 77 daAuts
  Temple: 27 daAuts
